General information
- name: BNet
- type: Ladder team game (AT/RT)
- host: Battle.net
- saver: sc2no.wc4yes
map: DragonFalls
- players: 8
- length: 23:07
- speed: Fast
- version: 1.26 W3XP
- replay type: Public
» download(197 KB)
Players
team 1 (winner)
JustGotWc3 (
pink | 86 APM | 1994 actions | 23:06)
3 Blademaster
2 Wind Walk
1 Critical Strike
3 Shadow Hunter
1 Hex
2 Healing Wave
3 Tauren Chieftain
1 War Stomp
2 Endurance Aura
» actions
| Assign group hotkey | 20 | |
| Basic commands | 48 | |
| Build / train | 82 | |
| Enter build submenu | 27 | |
| Enter hero's abilities submenu | 9 | |
| Right click | 1121 | |
| Select / deselect | 333 | |
| Select group hotkey | 254 | |
| Use ability | 100 | |
1994 total
» units
| Peon | 9 | |
| Troll Witch Doctor | 7 | |
| Tauren | 4 | |
| Spirit Walker | 7 | |
27 total
» upgrades
| Melee Weapons | 2 | |
| Armor | 3 | |
| Witch Doctor Training | 2 | |
| Pulverize | 1 | |
| Spirit Walker Training | 2 | |
10 total
» buildings
| Altar of Storms | 1 | |
| Orc Burrow | 8 | |
| Voodoo Lounge | 1 | |
| War Mill | 2 | |
| Stronghold | 4 | |
| Watch Tower | 3 | |
| Spirit Lodge | 1 | |
| Fortress | 3 | |
| Tauren Totem | 2 | |
| Great Hall | 1 | |
26 total
» build order
00:10 Altar of Storms
00:12 Orc Burrow
01:14 Voodoo Lounge
01:25 Orc Burrow
02:09 War Mill
02:32 War Mill
03:07 Stronghold
03:07 Stronghold
03:07 Stronghold
04:16 Watch Tower
04:21 Orc Burrow
05:28 Orc Burrow
05:57 Spirit Lodge
06:19 Fortress
06:20 Fortress
06:20 Fortress
07:17 Orc Burrow
08:42 Tauren Totem
08:43 Tauren Totem
10:06 Orc Burrow
11:50 Orc Burrow
17:14 Orc Burrow
22:30 Great Hall
22:35 Watch Tower
22:36 Watch Tower
» items
| Healing Salve | 1 | |
| Lesser Clarity Potion | 4 | |
| Scroll of Speed | 2 | |
7 total

»
avid.milk (
green | 81 APM | 1874 actions | 23:06)
6 Goblin Tinker
3 Pocket Factory
2 Engineering Upgrade
1 Robo-Goblin
» actions
| Assign group hotkey | 72 | |
| Basic commands | 27 | |
| Build / train | 101 | |
| Enter build submenu | 45 | |
| Enter hero's abilities submenu | 6 | |
| Give item / drop item | 4 | |
| Right click | 787 | |
| Select / deselect | 313 | |
| Select group hotkey | 314 | |
| Use ability | 205 | |
1874 total
» units
| Peon | 22 | |
| Goblin Shredder | 4 | |
| Furbolg Shaman | 3 | |
| Troll Batrider | 29 | |
| Green Dragon | 4 | |
| Goblin Zeppelin | 1 | |
63 total
» upgrades
| Armor | 2 | |
| Reinforced Defenses | 1 | |
| Liquid Fire | 1 | |
| Ranged Weapons | 2 | |
| Spiked Barricades | 1 | |
7 total
» buildings
| Altar of Storms | 1 | |
| Orc Burrow | 8 | |
| War Mill | 1 | |
| Voodoo Lounge | 1 | |
| Watch Tower | 25 | |
| Stronghold | 1 | |
| Great Hall | 1 | |
| Fortress | 4 | |
| Beastiary | 3 | |
45 total
» build order
00:08 Altar of Storms
00:12 Orc Burrow
00:39 War Mill
02:02 Orc Burrow
02:31 Voodoo Lounge
02:49 Watch Tower
02:50 Watch Tower
03:00 Watch Tower
03:20 Watch Tower
03:24 Watch Tower
04:06 Stronghold
04:35 Watch Tower
04:36 Watch Tower
05:03 Great Hall
05:40 Watch Tower
05:41 Watch Tower
06:14 Watch Tower
06:51 Watch Tower
06:52 Watch Tower
08:26 Fortress
08:26 Fortress
08:26 Fortress
08:33 Orc Burrow
08:53 Watch Tower
09:00 Watch Tower
10:00 Beastiary
10:03 Beastiary
10:05 Beastiary
10:09 Watch Tower
10:12 Watch Tower
10:15 Watch Tower
10:18 Watch Tower
10:20 Watch Tower
10:25 Watch Tower
10:26 Watch Tower
11:04 Watch Tower
11:05 Watch Tower
12:16 Watch Tower
12:16 Watch Tower
17:32 Orc Burrow
17:32 Orc Burrow
17:34 Orc Burrow
17:35 Orc Burrow
17:53 Orc Burrow
» items
| Healing Salve | 2 | |
| Lesser Clarity Potion | 4 | |
| Scroll of Speed | 4 | |
| Orb of Lightning | 1 | |
| Scroll of Town Portal | 1 | |
| Staff of Sanctuary | 1 | |
13 total

»
sc2no.wc4yes (
blue | 77 APM | 1789 actions | 23:07)
7 Blood Mage
3 Flame Strike
3 Siphon Mana
1 Summon Phoenix
» actions
| Assign group hotkey | 78 | |
| Basic commands | 56 | |
| Build / train | 78 | |
| ESC pressed | 2 | |
| Enter build submenu | 51 | |
| Enter hero's abilities submenu | 7 | |
| Give item / drop item | 1 | |
| Right click | 700 | |
| Select / deselect | 232 | |
| Select group hotkey | 451 | |
| Use ability | 133 | |
1789 total
» units
| Peasant | 16 | |
| Goblin Shredder | 1 | |
| Goblin Zeppelin | 1 | |
| Gryphon Rider | 6 | |
24 total
» upgrades
| Masonry | 2 | |
| Swords | 3 | |
| Armor | 3 | |
| Animal War Training | 1 | |
| Storm Hammers | 1 | |
| Cloud | 1 | |
11 total
» buildings
| Altar of Kings | 1 | |
| Farm | 10 | |
| Scout Tower | 40 | |
| Lumber Mill | 10 | |
| Arcane Tower | 2 | |
| Guard Tower | 18 | |
| Town Hall | 1 | |
| Keep | 1 | |
| Blacksmith | 1 | |
| Barracks | 1 | |
| Castle | 1 | |
| Gryphon Aviary | 3 | |
| Arcane Sanctum | 1 | |
| Arcane Vault | 1 | |
91 total
» build order
00:20 Altar of Kings
00:23 Farm
00:57 Farm
01:00 Scout Tower
01:09 Lumber Mill
02:02 Scout Tower
02:05 Scout Tower
02:19 Scout Tower
02:30 Arcane Tower
02:34 Scout Tower
02:37 Arcane Tower
02:43 Guard Tower
02:43 Guard Tower
02:59 Guard Tower
02:59 Guard Tower
03:05 Guard Tower
03:08 Scout Tower
03:15 Farm
03:34 Scout Tower
03:36 Guard Tower
04:31 Scout Tower
04:32 Scout Tower
04:36 Guard Tower
04:41 Town Hall
05:20 Guard Tower
05:20 Guard Tower
06:18 Keep
06:24 Scout Tower
06:28 Scout Tower
06:28 Scout Tower
07:03 Guard Tower
07:05 Scout Tower
07:06 Guard Tower
07:35 Guard Tower
07:54 Blacksmith
07:56 Barracks
08:41 Castle
08:46 Gryphon Aviary
08:54 Farm
08:55 Farm
08:56 Farm
09:08 Farm
09:10 Farm
09:13 Farm
09:14 Farm
09:45 Gryphon Aviary
09:46 Gryphon Aviary
11:01 Scout Tower
11:02 Scout Tower
11:03 Scout Tower
11:07 Scout Tower
11:27 Arcane Sanctum
11:31 Scout Tower
11:32 Scout Tower
14:12 Guard Tower
14:14 Guard Tower
15:00 Arcane Vault
15:43 Scout Tower
15:44 Scout Tower
15:46 Scout Tower
15:46 Scout Tower
15:46 Scout Tower
15:48 Scout Tower
15:49 Scout Tower
16:25 Guard Tower
16:30 Lumber Mill
16:30 Lumber Mill
16:30 Lumber Mill
16:31 Lumber Mill
16:31 Lumber Mill
16:31 Lumber Mill
17:38 Guard Tower
21:55 Scout Tower
21:56 Scout Tower
21:56 Scout Tower
21:57 Scout Tower
21:57 Scout Tower
21:57 Scout Tower
21:57 Scout Tower
21:58 Scout Tower
21:58 Scout Tower
21:58 Scout Tower
21:59 Scout Tower
21:59 Scout Tower
22:39 Guard Tower
22:39 Guard Tower
» items
| Boots of Speed | 1 | |
| Scroll of Protection | 1 | |
| Scroll of Healing | 1 | |
| Scroll of Town Portal | 2 | |
| Scroll of Speed | 1 | |
| Orb of Lightning | 1 | |
| Healing Salve | 1 | |
| Lesser Clarity Potion | 1 | |
| Tiny Great Hall | 1 | |
| Staff of Sanctuary | 1 | |
| Scroll of Regeneration | 1 | |
12 total

»
I-Iell_I)emon69 (
yellow | 60 APM | 1387 actions | 23:06)
4 Mountain King
2 Storm Bolt
2 Bash
» actions
| Assign group hotkey | 9 | |
| Basic commands | 32 | |
| Build / train | 61 | |
| Enter build submenu | 35 | |
| Enter hero's abilities submenu | 4 | |
| Right click | 644 | |
| Select / deselect | 354 | |
| Select group hotkey | 188 | |
| Use ability | 60 | |
1387 total
» units
| Peasant | 23 | |
| Siege Engine | 18 | |
| Flying Machine | 1 | |
42 total
» upgrades
| Masonry | 1 | |
| Gunpowder | 2 | |
| Plating | 2 | |
| Barrage | 1 | |
6 total
» buildings
| Altar of Kings | 1 | |
| Farm | 11 | |
| Lumber Mill | 1 | |
| Scout Tower | 11 | |
| Guard Tower | 4 | |
| Keep | 1 | |
| Blacksmith | 1 | |
| Castle | 1 | |
| Workshop | 3 | |
| Town Hall | 2 | |
| Arcane Vault | 1 | |
37 total
» build order
00:24 Altar of Kings
00:27 Farm
01:36 Farm
01:45 Farm
01:53 Lumber Mill
02:20 Farm
02:27 Scout Tower
02:37 Farm
02:55 Scout Tower
02:59 Scout Tower
03:07 Guard Tower
03:22 Scout Tower
03:25 Scout Tower
03:31 Scout Tower
03:35 Guard Tower
03:57 Keep
04:22 Guard Tower
05:40 Blacksmith
06:26 Castle
07:08 Workshop
07:10 Workshop
07:12 Workshop
07:52 Town Hall
08:48 Scout Tower
08:49 Scout Tower
08:53 Scout Tower
09:06 Scout Tower
09:22 Scout Tower
09:36 Guard Tower
10:25 Farm
11:08 Farm
11:36 Farm
13:21 Farm
15:47 Farm
16:32 Arcane Vault
17:45 Farm
21:33 Town Hall
» items
| Healing Salve | 1 | |
| Staff of Teleportation | 1 | |
2 total
team 2 (loser)
phoenix52 (
red | 81 APM | 1873 actions | 23:05)
5 Death Knight
3 Death Coil
1 Unholy Aura
1 Death Pact
4 Lich
2 Frost Nova
2 Frost Armor
» actions
| Assign group hotkey | 40 | |
| Basic commands | 142 | |
| Build / train | 56 | |
| Enter build submenu | 18 | |
| Enter hero's abilities submenu | 9 | |
| Give item / drop item | 1 | |
| Remove unit from queue | 1 | |
| Right click | 572 | |
| Select / deselect | 251 | |
| Select group hotkey | 714 | |
| Use ability | 69 | |
1873 total
» units
| Acolyte | 5 | |
| Ghoul | 4 | |
| Crypt Fiend | 9 | |
| Obsidian Statue | 2 | |
| Frost Wyrm | 6 | |
26 total
» upgrades
| Creature Attack | 3 | |
| Web | 1 | |
| Creature Carapace | 2 | |
| Freezing Breath | 1 | |
| Destroyer Form | 1 | |
8 total
» buildings
| Graveyard | 1 | |
| Crypt | 1 | |
| Ziggurat | 8 | |
| Altar of Darkness | 1 | |
| Tomb of Relics | 1 | |
| Nerubian Tower | 2 | |
| Halls of the Dead | 1 | |
| Sacrificial Pit | 1 | |
| Black Citadel | 1 | |
| Slaughterhouse | 1 | |
| Boneyard | 2 | |
| Spirit Tower | 3 | |
23 total
» build order
00:23 Graveyard
00:31 Crypt
00:55 Ziggurat
01:00 Altar of Darkness
01:22 Tomb of Relics
02:02 Ziggurat
02:39 Nerubian Tower
04:19 Nerubian Tower
04:47 Halls of the Dead
05:19 Ziggurat
05:50 Ziggurat
07:52 Sacrificial Pit
08:22 Black Citadel
08:38 Slaughterhouse
08:45 Ziggurat
11:30 Boneyard
12:04 Ziggurat
12:06 Boneyard
15:16 Ziggurat
17:27 Ziggurat
17:30 Spirit Tower
22:01 Spirit Tower
22:06 Spirit Tower
» items
| Rod of Necromancy | 1 | |
| Scroll of Healing | 1 | |
| Scroll of Protection | 1 | |
3 total
kasabian11 (
teal | 69 APM | 1572 actions | 22:44)
3 Dreadlord
1 Sleep
2 Vampiric Aura
3 Death Knight
2 Death Coil
1 Unholy Aura
» actions
| Assign group hotkey | 58 | |
| Basic commands | 87 | |
| Build / train | 59 | |
| Enter build submenu | 17 | |
| Enter hero's abilities submenu | 6 | |
| Give item / drop item | 1 | |
| Remove unit from queue | 1 | |
| Right click | 681 | |
| Select / deselect | 308 | |
| Select group hotkey | 311 | |
| Use ability | 43 | |
1572 total
» units
| Acolyte | 15 | |
| Ghoul | 4 | |
| Gargoyle | 19 | |
38 total
» upgrades
| Creature Attack | 3 | |
| Creature Carapace | 2 | |
5 total
» buildings
| Crypt | 4 | |
| Altar of Darkness | 1 | |
| Ziggurat | 6 | |
| Graveyard | 1 | |
| Tomb of Relics | 1 | |
| Halls of the Dead | 1 | |
| Sacrificial Pit | 1 | |
| Nerubian Tower | 1 | |
| Spirit Tower | 1 | |
| Black Citadel | 1 | |
| Slaughterhouse | 1 | |
19 total
» build order
00:09 Crypt
00:11 Altar of Darkness
00:33 Ziggurat
00:56 Graveyard
01:28 Ziggurat
01:49 Tomb of Relics
03:18 Halls of the Dead
03:46 Crypt
03:52 Ziggurat
04:53 Ziggurat
06:54 Sacrificial Pit
06:56 Nerubian Tower
06:57 Spirit Tower
08:25 Ziggurat
09:51 Black Citadel
10:07 Crypt
11:36 Slaughterhouse
12:00 Ziggurat
16:14 Crypt
» items
| Rod of Necromancy | 1 | |
| Dust of Appearance | 1 | |
| Scroll of Town Portal | 1 | |
3 total
Convict626 (
orange | 36 APM | 812 actions | 22:49)
4 Blademaster
2 Critical Strike
2 Wind Walk
» actions
| Assign group hotkey | 5 | |
| Basic commands | 2 | |
| Build / train | 44 | |
| ESC pressed | 1 | |
| Enter build submenu | 29 | |
| Enter hero's abilities submenu | 4 | |
| Give item / drop item | 3 | |
| Remove unit from queue | 1 | |
| Right click | 403 | |
| Select / deselect | 225 | |
| Select group hotkey | 32 | |
| Use ability | 63 | |
812 total
» units
» upgrades
| Spiked Barricades | 1 | |
| Ranged Weapons | 3 | |
| Liquid Fire | 1 | |
| Armor | 1 | |
6 total
» buildings
| Altar of Storms | 1 | |
| Orc Burrow | 6 | |
| Voodoo Lounge | 1 | |
| War Mill | 1 | |
| Watch Tower | 12 | |
| Stronghold | 1 | |
| Fortress | 1 | |
| Beastiary | 4 | |
| Great Hall | 1 | |
28 total
» build order
00:14 Altar of Storms
00:17 Orc Burrow
01:07 Voodoo Lounge
01:40 War Mill
03:07 Watch Tower
03:10 Watch Tower
03:16 Stronghold
04:00 Orc Burrow
04:07 Watch Tower
04:11 Watch Tower
05:00 Watch Tower
05:04 Watch Tower
06:03 Watch Tower
06:09 Watch Tower
06:28 Fortress
07:18 Watch Tower
07:23 Watch Tower
08:24 Watch Tower
08:54 Watch Tower
09:06 Beastiary
09:42 Beastiary
09:49 Orc Burrow
10:05 Beastiary
10:07 Beastiary
11:08 Orc Burrow
15:16 Orc Burrow
15:19 Orc Burrow
18:07 Great Hall
» items
| Healing Salve | 1 | |
| Lesser Clarity Potion | 2 | |
| Staff of Teleportation | 1 | |
| Orb of Lightning | 1 | |
| Potion of Healing | 2 | |
| Potion of Lesser Invulnerability | 1 | |
| Scroll of Healing | 1 | |
| Rod of Necromancy | 1 | |
10 total

»
XxMachinexX (
purple | 42 APM | 974 actions | 22:58)
5 Dreadlord
3 Sleep
2 Vampiric Aura
» actions
| Basic commands | 1 | |
| Build / train | 83 | |
| Enter build submenu | 25 | |
| Enter hero's abilities submenu | 5 | |
| Give item / drop item | 7 | |
| Remove unit from queue | 2 | |
| Right click | 399 | |
| Select / deselect | 370 | |
| Use ability | 82 | |
974 total
» units
| Acolyte | 6 | |
| Ghoul | 4 | |
| Obsidian Statue | 5 | |
| Meatwagon | 3 | |
| Necromancer | 12 | |
| Abomination | 5 | |
| Crypt Fiend | 4 | |
39 total
» upgrades
| Unholy Strength | 3 | |
| Unholy Armor | 3 | |
| Exhume Corpses | 1 | |
| Cannibalize | 1 | |
| Necromancer Training | 2 | |
| Skeletal Longevity | 1 | |
| Disease Cloud | 1 | |
| Skeletal Mastery | 1 | |
| Destroyer Form | 1 | |
| Web | 1 | |
| Creature Attack | 1 | |
16 total
» buildings
| Graveyard | 2 | |
| Crypt | 1 | |
| Altar of Darkness | 1 | |
| Ziggurat | 17 | |
| Tomb of Relics | 1 | |
| Spirit Tower | 9 | |
| Halls of the Dead | 1 | |
| Nerubian Tower | 5 | |
| Slaughterhouse | 3 | |
| Temple of the Damned | 2 | |
| Black Citadel | 1 | |
43 total
» build order
00:26 Graveyard
00:34 Crypt
00:40 Altar of Darkness
00:53 Ziggurat
01:47 Ziggurat
02:20 Tomb of Relics
03:02 Ziggurat
03:05 Spirit Tower
03:34 Halls of the Dead
04:41 Ziggurat
05:38 Nerubian Tower
06:14 Spirit Tower
06:20 Ziggurat
06:27 Slaughterhouse
06:33 Temple of the Damned
07:04 Ziggurat
07:04 Ziggurat
07:05 Ziggurat
07:08 Ziggurat
07:14 Ziggurat
07:47 Temple of the Damned
07:51 Slaughterhouse
08:03 Nerubian Tower
08:05 Spirit Tower
08:08 Spirit Tower
09:22 Black Citadel
14:00 Nerubian Tower
14:02 Spirit Tower
15:55 Slaughterhouse
15:58 Ziggurat
15:59 Ziggurat
16:53 Spirit Tower
16:55 Nerubian Tower
16:58 Ziggurat
16:59 Ziggurat
17:32 Ziggurat
17:43 Ziggurat
17:44 Ziggurat
19:39 Spirit Tower
19:40 Spirit Tower
19:46 Nerubian Tower
19:50 Spirit Tower
22:45 Graveyard
» items
| Rod of Necromancy | 2 | |
| Scroll of Town Portal | 2 | |
4 total
Chat log
(00:04 / Allies) sc2no.wc4yes: humanoid
(00:13 / Allies) sc2no.wc4yes: l;ets tower the ramps
(00:16 / Allies) sc2no.wc4yes: ?
(00:18 / Allies) JustGotWc3: chill
(00:22 / Allies) JustGotWc3: hell be here
(00:40 / Allies) sc2no.wc4yes: lets tower the ramps and play tower adventure
(00:46 / Allies) avid.milk: ok
(01:20 / Allies) I-Iell_I)emon69: im towering my end
(01:57 / Allies) avid.milk: im getting a tinker
(02:53 / Allies) JustGotWc3: blue
(02:58 / Allies) JustGotWc3: u coulda left roomt o get out..
(03:20 / Allies) sc2no.wc4yes: if ifs and buts were candy and nuts
(03:24 / Allies) sc2no.wc4yes: wed all have a merry yotmas
(03:40 / Allies) JustGotWc3: rtower
(03:42 / Allies) sc2no.wc4yes: lol nice
(04:28 / All) JustGotWc3: wow
(05:10 / 5) sc2no.wc4yes: i plan on towering the ramps, then teching to 80 food gyrphs and just choosing battles
(05:16 / 5) sc2no.wc4yes: it will probably be a disaster but w/e
(05:29 / Allies) I-Iell_I)emon69: we all going air????
(06:00 / Allies) I-Iell_I)emon69: ill go tanx
(06:04 / Allies) JustGotWc3: melee
(06:13 / Allies) JustGotWc3: om,w
(06:52 / Allies) JustGotWc3: clear plz
(08:07 / Allies) I-Iell_I)emon69: stay
(08:08 / Allies) I-Iell_I)emon69: bm is here
(08:10 / Allies) I-Iell_I)emon69: stay
(08:12 / Allies) JustGotWc3: good for ui
(08:13 / Allies) sc2no.wc4yes: no hes not
(09:49 / Allies) JustGotWc3: crazy
(09:51 / 5) sc2no.wc4yes: gargs...
(09:53 / Allies) I-Iell_I)emon69: lol
(09:54 / 5) sc2no.wc4yes: get bats for those
(09:57 / Allies) I-Iell_I)emon69: needed shredder
(09:57 / Allies) JustGotWc3: im coming
(10:33 / Allies) sc2no.wc4yes: foucs gargs with towers
(10:55 / Allies) sc2no.wc4yes: back
(11:44 / Allies) JustGotWc3: my tauren will wlak over tyhem
(11:45 / Allies) JustGotWc3: lol
(11:50 / 5) sc2no.wc4yes: get orc arnor
(12:02 / Allies) JustGotWc3: they creepin shit
(12:19 / Allies) I-Iell_I)emon69: we defenind my expo?
(12:21 / Allies) I-Iell_I)emon69: defend my expo???
(12:29 / Allies) JustGotWc3: ill go
(12:31 / Allies) JustGotWc3: units?
(12:32 / Allies) I-Iell_I)emon69: all tp
(12:33 / Allies) I-Iell_I)emon69: all tp
(12:35 / Allies) sc2no.wc4yes: theres nothign tehre to defend
(12:37 / Allies) sc2no.wc4yes: one tower...
(13:33 / Allies) sc2no.wc4yes: b
(13:59 / Allies) JustGotWc3: so gay
(14:03 / Allies) JustGotWc3: u guys have shit all
(14:05 / Allies) sc2no.wc4yes: scout towers dont do dmage
(14:09 / Allies) I-Iell_I)emon69: lol
(14:09 / Allies) sc2no.wc4yes: you have to upgrade them to guard towers
(14:31 / Allies) JustGotWc3: goild
(14:32 / Allies) JustGotWc3: now
(14:32 / Allies) JustGotWc3: wtf
(14:36 / Allies) JustGotWc3: gold plz
(14:42 / Allies) JustGotWc3: green
(14:44 / Allies) JustGotWc3: u have 2k
(14:57 / Allies) JustGotWc3: ur fucking stupid
(15:26 / Allies) JustGotWc3: BLUE
(15:27 / Allies) JustGotWc3: PASS GOLD
(15:28 / Allies) JustGotWc3: WTF
(15:33 / Allies) JustGotWc3: U HAVE SO MUCH
(15:47 / Allies) JustGotWc3: BLUE
(15:53 / Allies) JustGotWc3: omg
(15:54 / Allies) JustGotWc3: nubs
(15:55 / Allies) JustGotWc3: serious
(16:00 / Allies) JustGotWc3: staright up
(16:06 / Allies) I-Iell_I)emon69: blue make unitz
(16:10 / All) JustGotWc3: i hope u guys win
(16:15 / All) JustGotWc3: my teams a bunch of faggots
(16:20 / All) phoenix52: lol yeah
(16:21 / Allies) I-Iell_I)emon69: im good pink
(16:55 / Allies) sc2no.wc4yes: those are taurens not dota pain wards
(16:57 / Allies) JustGotWc3: FUCK
(16:58 / Allies) JustGotWc3: THIS
(16:59 / Allies) JustGotWc3: FUCKING
(17:01 / Allies) JustGotWc3: TOWER
(17:02 / Allies) sc2no.wc4yes: you cant do damage by just having them near enemy
(17:03 / Allies) JustGotWc3: hgoly shit
(17:19 / 5) sc2no.wc4yes: bat these fuking wyrms don where
(17:25 / Allies) JustGotWc3: u guys
(17:26 / Allies) JustGotWc3: just
(17:27 / Allies) I-Iell_I)emon69: lets attakc
(17:27 / Allies) JustGotWc3: gave em
(17:32 / Allies) JustGotWc3: a fucking chance to come bnack
(17:35 / Allies) JustGotWc3: we should have hit
(17:35 / Allies) JustGotWc3: already
(17:41 / Allies) I-Iell_I)emon69: all meeet now
(17:55 / Allies) JustGotWc3: tanks
(18:17 / 5) sc2no.wc4yes: all they have is air
(18:18 / 5) sc2no.wc4yes: bat it
(18:22 / 5) sc2no.wc4yes: i broke food
(18:43 / Allies) JustGotWc3: AA
(19:05 / Allies) I-Iell_I)emon69: all go here
(19:07 / Allies) JustGotWc3: MAN
(19:08 / Allies) JustGotWc3: MEET
(19:09 / 5) sc2no.wc4yes: bat those enemy bats
(19:11 / Allies) JustGotWc3: BLUE
(19:12 / Allies) JustGotWc3: GET GRYS
(19:15 / Allies) JustGotWc3: MEET AND ATTACK
(19:28 / Allies) sc2no.wc4yes: tanks running from wyrms?
(19:34 / Allies) JustGotWc3: WHRE THE FUCK IS GREEN
(19:40 / Allies) JustGotWc3: why
(19:41 / Allies) JustGotWc3: idiot
(19:42 / Allies) JustGotWc3: fight
(19:43 / Allies) JustGotWc3: wit me
(19:43 / Allies) JustGotWc3: omg
(19:46 / 5) sc2no.wc4yes: bat those enemy bats
(19:48 / 5) sc2no.wc4yes: i cant fight htem
(19:48 / Allies) JustGotWc3: COME TO TOP
(19:51 / 5) sc2no.wc4yes: and our allies are too retarded to
(20:39 / Allies) I-Iell_I)emon69: disenchanget pink
(20:56 / 5) sc2no.wc4yes: enemy team gave up
(21:04 / Allies) JustGotWc3: blue
(21:07 / Allies) JustGotWc3: ur a fucking noob
(21:11 / All) JustGotWc3: gg my team sucked balls
(21:17 / Allies) JustGotWc3: U GUYS
(21:20 / Allies) JustGotWc3: FUCKING SUCK DICK
(21:21 / Allies) JustGotWc3: rofl
(21:25 / Allies) sc2no.wc4yes: nice level 3 heros
(21:26 / Allies) JustGotWc3: we had that game
(21:34 / Allies) JustGotWc3: are u fucking dumb
(21:35 / Allies) JustGotWc3: blue
(21:43 / Allies) JustGotWc3: if we had ur griffs
(21:45 / All) Convict626: thank you green for uselessly killing a base while we kill your team
(21:46 / Allies) JustGotWc3: dn foguth as a team
(21:48 / Allies) JustGotWc3: it was fucking gg
(22:37 / Allies) I-Iell_I)emon69: pink run